 Dungeon Crawl Stone Soup version 0.28.0-1-gb440e238dd (webtiles) character file.

Game seed: 6351776002923647942

186 mcwallace the Ducker (level 5, 0/37 HPs)
             Began as a Gnoll Wanderer on Feb 20, 2022.
             Slain by Terence (6 damage)
             ... on level 2 of the Dungeon.
             The game lasted 00:04:53 (3397 turns).

mcwallace the Ducker (Gnoll Wanderer)               Turns: 3397, Time: 00:04:53

Health: 0/37       AC:  5    Str: 11    XL:     5   Next: 65%
Magic:  12/12      EV: 13    Int: 14    God:
Gold:   72         SH:  0    Dex: 11    Spells: 13/14 levels left

rFire   . . .      SeeInvis .   a - +0 dagger {short}
rCold   + . .      Faith    .   (no shield)
rNeg    . . .      Spirit   .   d - +2 leather armour
rPois   .          Reflect  .   (no helmet)
rElec   .          Harm     .   (no cloak)
rCorr   .          Rampage  .   (no gloves)
Will    .....                   (no boots)
Stlth   ++........              (no amulet)
HPRegen 0.12/turn               l - ring of protection from cold
MPRegen 0.13/turn               (no ring)

@: no status effects
A: fangs 1, strong nose, distributed training
a: no special abilities


You were on level 2 of the Dungeon.
You visited 1 branch of the dungeon, and saw 3 of its levels.

You collected 72 gold pieces.


Innate Abilities, Weirdness & Mutations

You have very sharp teeth.
Your uncanny sense of smell can sniff out nearby items.
Your experience applies equally to all skills.


   Skills:
 + Level 1.6 Fighting
 + Level 1.6 Short Blades
 + Level 1.6 Long Blades
 + Level 1.6 Axes
 + Level 1.6 Maces & Flails
 + Level 1.6 Polearms
 + Level 1.6 Staves
 + Level 1.6 Slings
 + Level 1.6 Bows
 + Level 1.6 Crossbows
 + Level 1.6 Throwing
 + Level 3.0 Armour
 + Level 6.7 Dodging
 + Level 2.8 Stealth
 + Level 1.6 Shields
 + Level 1.6 Unarmed Combat
 + Level 5.2 Spellcasting
 + Level 1.2 Conjurations
 + Level 1.2 Hexes
 + Level 1.2 Summonings
 + Level 1.2 Necromancy
 + Level 1.2 Translocations
 + Level 1.2 Transmutations
 + Level 1.2 Fire Magic
 + Level 1.2 Ice Magic
 + Level 1.2 Air Magic
 + Level 4.0 Earth Magic
 + Level 1.2 Poison Magic
 + Level 1.8 Invocations
 + Level 3.0 Evocations


You had 13 spell levels left.
You knew the following spells:

 Your Spells              Type           Power      Damage    Failure   Level
a - Sandblast             Erth           28%        2d8       4%          1

Your spell library contained the following spells:

 Spells                   Type           Power      Damage    Failure   Level
 Stone Arrow              Conj/Erth      22%        3d8       22%         3

Inventory:

Hand Weapons
 a - a +0 dagger (weapon) {short}
 r - a +2 mace of holy wrath {mace}
   (You found it on level 3 of the Dungeon)
 s - a +4 mace {mace}
   (You found it on level 3 of the Dungeon)
Missiles
 c - 51 stones {throwing}
 f - 20 bolts
 g - 3 poisoned darts (quivered) {throwing}
 j - 59 sling bullets
 m - 4 javelins {throwing}
 n - 42 arrows
 p - 3 boomerangs {throwing}
Armour
 d - a +2 leather armour (worn)
Jewellery
 l - a ring of protection from cold (left hand)
   (You found it on level 2 of the Dungeon)
Scrolls
 h - 2 scrolls of magic mapping {unknown}
 k - 2 scrolls of teleportation {unknown}
 q - a scroll of vulnerability {unknown}
Potions
 b - a potion of lignification {!q}
 e - a potion of attraction {unknown}
 i - a potion of might {unknown}
 o - 2 potions of mutation {unknown}

Dungeon Overview and Level Annotations

Branches:
Dungeon (3/15)

Altars:

Annotations:
D:2 Terence
D:3 1 runed translucent door, Crazy Yiuf

#.......# #.#.# #..
######.#####.####.#.#####.#
#...[.....................#
#.####.####..#.##.#........
#.# #.........##.######### #.#
#.........##.# #. #.#
##.###....##.### #. #.#
#.##.@..).....# #.
####.#####.##@##.#####.# #.
#....##........)....##.# #.
#.#####...#......#..##.######.
#..# #...#....#.#..##........
##.# #.#####..#.#..##........
#.# #...#....#.#..###...)...
#.# #...#....#.#..# #######.
#.# #.............# #.
#.#############.#### ###.


You could see Terence.


Message History

You take 3 damage, and now have 9/37 hp.
You hit Terence but do no damage. Your punch misses Terence.
Your bite misses Terence. Terence hits you with a +0 falchion.
* * * LOW HITPOINT WARNING * * *
๐Ÿ˜ฑ HP[-3]
You take 3 damage, and now have 6/37 hp. ๐Ÿ˜ฑ HP[+1] ๐Ÿ˜ฑ MP[+1] ๐Ÿ˜ฑ HP[+1] ๐Ÿ˜ฑ MP[+1]
There is a stone staircase leading down here. ๐Ÿ˜ฑ HP[+1] ๐Ÿ˜ฑ MP[+1] Terence screams, "I want your blood!" ๐Ÿ˜จ HP[+1] ๐Ÿ˜จ MP[+1] ๐Ÿ˜จ HP[+1] ๐Ÿ˜จ MP[+1] ๐Ÿ˜จ HP[+1] ๐Ÿ˜จ MP[+1]
Items here: )) [ รท. ๐Ÿ˜จ HP[+1] MP[+1]
Items here: )) [ รท.
You see here a +0 flail {mace}. ๐Ÿ˜จ MP[+1]
Your mp is fully restored (12). ๐Ÿ˜จ HP[+1]
You see here a +0 club {mace}. ๐Ÿ˜จ HP[+1] ๐Ÿ˜จ HP[+1] ๐Ÿ˜จ HP[+1]
There is a stone staircase leading up here.
Terence hits you with a +0 falchion.
* * * LOW HITPOINT WARNING * * *
You climb upwards.
There is a stone staircase leading down here. ๐Ÿ˜จ HP[-4]
You take 4 damage, and now have 13/37 hp.
Terence shouts, "ATTACK!!!"
You see here a +0 whip {mace}. ๐Ÿ˜จ HP[+1]
There is a stone staircase leading down here.
You see here a +0 whip {mace}. ๐Ÿ˜จ HP[+1]
There is a stone staircase leading down here.
You see here a +0 whip {mace}.
Terence looks scornfully at you.
There is a stone staircase leading down here. ๐Ÿ˜จ HP[+1]
You see here a +0 whip {mace}.
Throw: 3 darts (poison) {throwing}
Press: ? - help, Q - select action, (/) - cycle Shift-Dir - straight line, f - Terence
Aim: Terence, wielding a +0 falchion and wearing a +1 scale mail of poison resistance (lightly wounded, 58% to hit)
You throw a poisoned dart {throwing}.
The poisoned dart {throwing} hits Terence.
Terence hits you with a +0 falchion.
* * * LOW HITPOINT WARNING * * *
๐Ÿ˜จ HP[-3]
You take 3 damage, and now have 13/37 hp.
Throw: 2 darts (poison) {throwing}
Press: ? - help, Q - select action, (/) - cycle Shift-Dir - straight line, f/p - Terence
Aim: Terence, wielding a +0 falchion and wearing a +1 scale mail of poison resistance (lightly wounded, 58% to hit)
You throw a poisoned dart {throwing}.
The poisoned dart {throwing} hits Terence.
Terence misses you.
Throw: dart (poison) {throwing}
Press: ? - help, Q - select action, (/) - cycle Shift-Dir - straight line, f/p - Terence
Aim: Terence, wielding a +0 falchion and wearing a +1 scale mail of poison resistance (lightly wounded, 58% to hit)
You throw a poisoned dart {throwing}.
The poisoned dart {throwing} hits Terence.
Terence is poisoned.
Terence hits you with a +0 falchion.
* * * LOW HITPOINT WARNING * * *
๐Ÿ˜จ HP[-3]
You take 3 damage, and now have 10/37 hp.
There is a stone staircase leading down here. ๐Ÿ˜จ HP[+1]
g - 3 poisoned darts {throwing} Terence looks more healthy.
You see here a +0 whip {mace}.
Terence says, "How do you enjoy it?"
There is a stone staircase leading down here. ๐Ÿ˜จ HP[+1]
You hit Terence. Terence misses you.
You hit Terence but do no damage. Your punch misses Terence.
Terence misses you.
You barely miss Terence. You bite Terence, but do no damage.
Terence hits you with a +0 falchion!
* * * LOW HITPOINT WARNING * * *
๐Ÿ˜ฑ HP[-7]
You take 7 damage, and now have 5/37 hp.
You barely miss Terence. Terence looks scornfully at you.
Terence barely misses you.
You see here a +0 whip {mace}.
There is a stone staircase leading down here. ๐Ÿ˜ฑ HP[+1]
You see here a +0 whip {mace}.
Terence hits you with a +0 falchion.
You die...

Skill      XL: |  1  2  3  4 |
---------------+-------------+-----
Spellcasting   | 5 |  5.2
Invocations    | 1 |  1.8
Fighting       | 1 |  1.6
Short Blades   | 1 |  1.6
Long Blades    | 1 |  1.6
Axes           | 1 |  1.6
Maces & Flails | 1 |  1.6
Polearms       | 1 |  1.6
Staves         | 1 |  1.6
Slings         | 1 |  1.6
Bows           | 1 |  1.6
Crossbows      | 1 |  1.6
Throwing       | 1 |  1.6
Shields        | 1 |  1.6
Unarmed Combat | 1 |  1.6
Conjurations   | 1 |  1.2
Hexes          | 1 |  1.2
Summonings     | 1 |  1.2
Necromancy     | 1 |  1.2
Translocations | 1 |  1.2
Transmutations | 1 |  1.2
Fire Magic     | 1 |  1.2
Ice Magic      | 1 |  1.2
Air Magic      | 1 |  1.2
Poison Magic   | 1 |  1.2
Armour         | 3 |  3.0
Earth Magic    | 4 |  4.0
Evocations     | 3 |  3.0
Dodging        | |  6.7
Stealth        | |  2.8

Action                   |  1- 3 |  4- 6 || total
-------------------------+-------+-------++-------
Melee: Dagger            |   145 |    52 ||   197
       Bite              |    18 |     4 ||    22
       Punch             |     3 |     2 ||     5
Throw: Dart              |       |     3 ||     3
 Cast: Sandblast         |    13 |    31 ||    44
 Stab: Sleeping          |     2 |     2 ||     4
Armor: Leather armour    |    42 |     6 ||    48
Dodge: Dodged            |    99 |    35 ||   134

Levels and vault maps discovered:
D:1:      nicolae_arrival_memento_mori, layout_rooms
D:2:      layout_loops_cross, nicolae_ecumenical_lake_church,
          kennysheep_generic_room_11
D:3:      layout_loops_ring, serial_bayou_pond_d, kennysheep_generic_room_12,
          uniq_crazy_yiuf_cottage, uniq_terence

Notes
Turn   | Place    | Note
-------+----------+-------------------------------------------
     0 | D:1      | mcwallace the Gnoll Wanderer began the quest for the Orb.
     0 | D:1      | mcwallace set off with the following items: a +0 dagger
                  | {short}, a potion of lignification {!q}, 29 stones
                  | {throwing}, a +2 leather armour; and the following spell
                  | memorised: Sandblast; and the following spells available to
                  | memorise: Stone Arrow
     0 | D:1      | Reached XP level 1. HP: 13/13 MP: 6/6
     0 | D:1      | magus.rc [v1.9.6]
   331 | D:1      | Reached XP level 2. HP: 7/19 MP: 7/7
  1224 | D:2      | Reached XP level 3. HP: 25/25 MP: 9/9
  1235 | D:2      | Reached skill level 5 in Spellcasting
  1543 | D:2      | Reached skill level 1 in Invocations
  1705 | D:2      | Reached skill level 1 in Fighting
  1705 | D:2      | Reached skill level 1 in Short Blades
  1705 | D:2      | Reached skill level 1 in Long Blades
  1705 | D:2      | Reached skill level 1 in Axes
  1705 | D:2      | Reached skill level 1 in Maces & Flails
  1705 | D:2      | Reached skill level 1 in Polearms
  1705 | D:2      | Reached skill level 1 in Staves
  1705 | D:2      | Reached skill level 1 in Slings
  1705 | D:2      | Reached skill level 1 in Bows
  1705 | D:2      | Reached skill level 1 in Crossbows
  1705 | D:2      | Reached skill level 1 in Throwing
  1705 | D:2      | Reached skill level 1 in Shields
  1705 | D:2      | Reached skill level 1 in Unarmed Combat
  1997 | D:2      | Reached XP level 4. HP: 20/32 MP: 11/11
  2363 | D:2      | Found a faded altar of an unknown god.
  2833 | D:3      | Noticed a necrophage
  2837 | D:3      | Reached skill level 1 in Conjurations
  2837 | D:3      | Reached skill level 1 in Hexes
  2837 | D:3      | Reached skill level 1 in Summonings
  2837 | D:3      | Reached skill level 1 in Necromancy
  2837 | D:3      | Reached skill level 1 in Translocations
  2837 | D:3      | Reached skill level 1 in Transmutations
  2837 | D:3      | Reached skill level 1 in Fire Magic
  2837 | D:3      | Reached skill level 1 in Ice Magic
  2837 | D:3      | Reached skill level 1 in Air Magic
  2837 | D:3      | Reached skill level 1 in Poison Magic
  2842 | D:3      | Killed a necrophage
  2843 | D:3      | Reached skill level 3 in Armour
  2843 | D:3      | Reached skill level 4 in Earth Magic
  2843 | D:3      | Reached skill level 3 in Evocations
  2843 | D:3      | Reached XP level 5. HP: 29/37 MP: 5/12
  3214 | D:3      | Found a runed translucent door.
  3216 | D:3      | Noticed Crazy Yiuf
  3244 | D:3      | Noticed Terence
  3255 | D:3      | HP: 9/37 [Terence (3)]
  3384 | D:2      | HP: 5/37 [Terence (7)]
  3397 | D:2      | Slain by Terence

Vanquished Creatures
  A necrophage (D:3)
  3 adders (D:2)
  A white imp (D:3)
  A worm (D:2)
  2 dart slugs
  5 orcs (D:3)
  3 endoplasms
  2 giant cockroaches (D:2)
  8 goblins
  3 hobgoblins
  2 jackals (D:2)
  2 quokkas (D:1)
  4 ball pythons
  3 bats
  6 frilled lizards
  5 kobolds
  7 rats
58 creatures vanquished.

Table legend:
 A = Non-vault XP
 B = Vault XP
 C = Vault XP percentage of total XP
 D = Non-vault monster count
 E = Vault monster count
 F = Vault count percentage of total count
                 A         B        C        D         E       F
            +---------+---------+-------+---------+---------+-------
      Total |     266 |       0 |   0.0 |      58 |       0 |   0.0
            +---------+---------+-------+---------+---------+-------
        D:1 |      29 |       0 |   0.0 |      19 |       0 |   0.0
        D:2 |      81 |       0 |   0.0 |      26 |       0 |   0.0
        D:3 |     156 |       0 |   0.0 |      13 |       0 |   0.0
            +---------+---------+-------+---------+---------+-------

Illustrated notes

Table legend:
 A = Kills in this place as a percentage of kills in entire the game.
 B = Kills by you in this place as a percentage of kills by you in the entire game.
 C = Kills by friends in this place as a percentage of kills by friends in the entire game.
 D = Other kills in this place as a percentage of other kills in the entire game.
 E = Experience gained in this place as a percentage of experience gained in the entire game.
 F = Experience gained in this place divided by the number of levels of this place that you have seen.
                   A       B       C       D       E      F
               +-------+-------+-------+-------+-------+----------------------
         Total | 100.0 | 100.0 |   N/A |   N/A | 100.0 |  88.7
       Dungeon | 100.0 | 100.0 |   N/A |   N/A | 100.0 |  88.7
               +-------+-------+-------+-------+-------+----------------------

Table legend: (Time is in decaauts)
 A = Elapsed time spent in this place.
 B = Non-inter-level travel time spent in this place.
 C = Inter-level travel time spent in this place.
 D = Time resting spent in this place.
 E = Time spent auto-exploring this place.
 F = Levels seen in this place.
 G = Mean time per level.
                   A        B        C        D        E       F      G
               +--------+--------+--------+--------+--------+-----+--------+
         Total |   3391 |   3296 |     95 |      0 |   2725 |   3 | 1130.3 |
       Dungeon |   3391 |   3296 |     95 |      0 |   2725 |   3 | 1130.3 |
               +--------+--------+--------+--------+--------+-----+--------+

Top non-repeatable levels by time:
     D:2: 1547 daAuts
     D:1: 1105 daAuts
     D:3: 738 daAuts
